TOP OF THE 1ST |
Tucson Toros batting - Pitching for Hawaii Islanders : LHP Bill Latham
|
Pitching: LHP Bill Latham
|
|
Batting: LHB Juan Bustabad
|
0-0: Foul Ball, location: 2F 0-1: Fly out, F9 (Flyball, 9LM, EV 95.0 MPH)
|
Batting: SHB Rodney Scott
|
0-0: Foul Ball, location: 2F 0-1: Ball 1-1: Ball 2-1: Foul Ball, location: 2F 2-2: Foul Ball, location: 2F 2-2: Ball 3-2: Foul Ball, location: 2F 3-2: Base on Balls
|
Batting: LHB Tim Krauss
|
0-0: Foul Ball, location: 2F 0-1: Foul Ball, location: 2F 0-2: Ball 1-2: Ball 2-2: SINGLE (Groundball, 34S, EV 63.8 MPH) (infield hit) Rodney Scott to second
|
Batting: RHB David Holmes
|
0-0: Ball 1-0: SINGLE (Line Drive, 4D, EV 96.9 MPH) Rodney Scott to third Tim Krauss to second
|
Batting: LHB Pat Dodson
|
0-0: Ball 1-0: Called Strike 1-1: Swinging Strike 1-2: Ball 2-2: Ball 3-2: SINGLE (Groundball, 4D, EV 101.9 MPH) Rodney Scott scores Tim Krauss to third David Holmes to second Runner from 3rd tries for Home, SAFE, throw by RF to home
|
Batting: SHB Michael Miara
|
0-0: DOUBLE (Flyball, 8RXD, EV 105.0 MPH) David Holmes scores Pat Dodson to third
|
Pinch Runner at 2nd Talmadge Tanks:
|
|
Batting: SHB Kevin King
|
0-0: Foul Ball, location: 2F 0-1: Ball 1-1: Foul Ball, location: 2F 1-2: Ball 2-2: Foul Ball, location: 2F 2-2: Ball 3-2: Ground out 5-3 (Groundball, 56, EV 89.4 MPH) Pat Dodson scores
|
Batting: LHB Bruce Boisclair
|
0-0: Swinging Strike 0-1: Ball 1-1: Ball 2-1: Foul Ball, location: 2F 2-2: Fly out, F7 (Line Drive, 7, EV 91.3 MPH)
|
Top of the 1st over - 4 runs, 4 hits, 0 errors, 1 left on base; Tucson 4 - Hawaii 0 |
BOTTOM OF THE 1ST |
Hawaii Islanders batting - Pitching for Tucson Toros : RHP Jim Acker
|
Pitching: RHP Jim Acker
|
|
Now at 3B: Lee Muszynski
|
|
Batting: LHB Leo Sutherland
|
0-0: Ball 1-0: SINGLE (Line Drive, 56, EV 98.8 MPH)
|
Batting: LHB Creighton Tevlin
|
0-0: Ball 1-0: Swinging Strike 1-1: Foul Ball, location: 2F 1-2: Foul Ball, location: 2F 1-2: Fly out, F6 (Popup, 6MS, EV 71.3 MPH)
|
Batting: RHB Dave L Stapleton
|
0-0: Foul Ball, location: 2F 0-1: Ball 1-1: Swinging Strike 1-2: Foul Ball, location: 2F 1-2: Foul Ball, location: 2F 1-2: SINGLE (Groundball, 34, EV 106.3 MPH) Leo Sutherland to second Runner from 2nd tries for 3rd, SAFE, no throw by RF
|
Batting: LHB Dom Fucci
|
0-0: Ball 1-0: Foul Ball, location: 2F 1-1: Foul Ball, location: 2F 1-2: Ball 2-2: Foul Ball, location: 2F 2-2: SINGLE (Groundball, 4M, EV 102.5 MPH) (infield hit) Leo Sutherland scores Dave L Stapleton to second
|
Batting: LHB Joe DeSa
|
0-0: Ball Dave L Stapleton steals 3rd, throwing error, E2 Dave L Stapleton scores Dom Fucci to third 1-0: Fly out, F3 (Line Drive, 3, EV 66.9 MPH)
|
Batting: RHB Joe Strain
|
0-0: Ball 1-0: Foul Ball, location: 2F 1-1: Fly out, F8 (Flyball, 8RD, EV 93.1 MPH)
|
Bottom of the 1st over - 2 runs, 3 hits, 1 error, 1 left on base; Tucson 4 - Hawaii 2 |
TOP OF THE 2ND |
Tucson Toros batting - Pitching for Hawaii Islanders : LHP Bill Latham
|
Batting: LHB Jeremy Penk
|
0-0: Ball 1-0: Called Strike 1-1: Foul Ball, location: 2F 1-2: Ball 2-2: Ground out 4-3 (Groundball, 4, EV 85.0 MPH)
|
Batting: LHB Juan Bustabad
|
0-0: Swinging Strike 0-1: Ball 1-1: Foul Ball, location: 2F 1-2: Ground out 4-3 (Groundball, 4, EV 88.8 MPH)
|
Batting: SHB Rodney Scott
|
0-0: SINGLE (Groundball, 56S, EV 71.3 MPH) (infield hit)
|
Batting: LHB Tim Krauss
|
0-0: Called Strike 0-1: Ball 1-1: Ball 2-1: Called Strike 2-2: Ball Rodney Scott is caught stealing 2nd base 2-6
|
Top of the 2nd over - 0 runs, 1 hit, 0 errors, 0 left on base; Tucson 4 - Hawaii 2 |
BOTTOM OF THE 2ND |
Hawaii Islanders batting - Pitching for Tucson Toros : RHP Jim Acker
|
Batting: LHB Scott Bradley
|
0-0: Fly out, F6 (Line Drive, 6, EV 63.8 MPH)
|
Batting: RHB Jon Hansen
|
0-0: Foul Ball, location: 2F 0-1: Ball 1-1: Swinging Strike 1-2: Foul Ball, location: 2F 1-2: SINGLE (Flyball, 89S, EV 91.3 MPH)
|
Batting: RHB Michael Hanson
|
0-0: Called Strike 0-1: SINGLE (Groundball, 6D, EV 108.8 MPH) Jon Hansen to second Runner from 2nd tries for 3rd, SAFE, throw by LF made to third
|
Batting: LHB Leo Sutherland
|
0-0: Foul Ball, location: 2F 0-1: Ball 1-1: Foul Ball, location: 2F 1-2: Ball 2-2: Grounds into double play, 4-6-3 (Groundball, 34D, EV 107.5 MPH)
|
Bottom of the 2nd over - 0 runs, 2 hits, 0 errors, 1 left on base; Tucson 4 - Hawaii 2 |
TOP OF THE 3RD |
Tucson Toros batting - Pitching for Hawaii Islanders : LHP Bill Latham
|
Batting: LHB Tim Krauss
|
0-0: Fly out, F8 (Flyball, 8LD, EV 105.6 MPH)
|
Batting: RHB David Holmes
|
0-0: Ball 1-0: Foul Ball, location: 2F 1-1: Foul Ball, location: 2F 1-2: Ball 2-2: Foul Ball, location: 2F 2-2: Ball 3-2: Strikes out swinging
|
Batting: LHB Pat Dodson
|
0-0: Called Strike 0-1: Ball 1-1: Foul Ball, location: 2F 1-2: Ball 2-2: Strikes out looking
|
Top of the 3rd over - 0 runs, 0 hits, 0 errors, 0 left on base; Tucson 4 - Hawaii 2 |
BOTTOM OF THE 3RD |
Hawaii Islanders batting - Pitching for Tucson Toros : RHP Jim Acker
|
Batting: LHB Creighton Tevlin
|
0-0: Ball 1-0: Swinging Strike 1-1: Ball 2-1: Foul Ball, location: 2F 2-2: DOUBLE (Line Drive, 78M, EV 97.5 MPH)
|
Batting: RHB Dave L Stapleton
|
0-0: Reached via error on a dropped throw from 1B, E1 (Groundball, 34, EV 82.5 MPH) Creighton Tevlin to third
|
Batting: LHB Dom Fucci
|
0-0: Foul Ball, location: 2F 0-1: Ball 1-1: Called Strike 1-2: Strikes out swinging Dave L Stapleton steals 2nd base Batter strikes out.
|
Batting: LHB Joe DeSa
|
0-0: Ball 1-0: Called Strike 1-1: Called Strike 1-2: Ball 2-2: Ball 3-2: Base on Balls
|
Batting: RHB Joe Strain
|
0-0: Foul Ball, location: 2F 0-1: Ball 1-1: Ball 2-1: Fly out, F8 (Flyball, 8LD, EV 78.1 MPH) Runner from 3rd tags up, SCORES, throw by CF Dave L Stapleton to third
|
Batting: LHB Scott Bradley
|
0-0: Called Strike Joe DeSa steals 2nd base 0-1: Ball 1-1: Ball 2-1: 3-RUN HOME RUN (Flyball, 9D, EV 105.6 MPH), Distance : 373 ft
|
Batting: RHB Jon Hansen
|
0-0: Ball 1-0: Called Strike 1-1: Called Strike 1-2: Ball 2-2: Fly out, F6 (Line Drive, 6, EV 71.3 MPH)
|
Bottom of the 3rd over - 4 runs, 2 hits, 1 error, 0 left on base; Tucson 4 - Hawaii 6 |
TOP OF THE 4TH |
Tucson Toros batting - Pitching for Hawaii Islanders : LHP Bill Latham
|
Batting: RHB Lee Muszynski
|
0-0: Foul Ball, location: 2F 0-1: Called Strike 0-2: Ground out 6-3 (Groundball, 6S, EV 87.5 MPH)
|
Batting: SHB Kevin King
|
0-0: Ball 1-0: Ball 2-0: Ball 3-0: Base on Balls
|
Batting: LHB Bruce Boisclair
|
0-0: Ball 1-0: SINGLE (Groundball, 6MD, EV 104.4 MPH) (infield hit) Kevin King to second
|
Batting: LHB Jeremy Penk
|
0-0: Called Strike 0-1: Fielders Choice at 2nd, 3-6 (Groundball, 34S, EV 85.6 MPH) Kevin King to third
|
Batting: LHB Juan Bustabad
|
0-0: Ball 1-0: Foul Ball, location: 2F 1-1: Called Strike 1-2: Ball 2-2: Fly out, F6 (Flyball, 5D, EV 89.4 MPH)
|
Top of the 4th over - 0 runs, 1 hit, 0 errors, 2 left on base; Tucson 4 - Hawaii 6 |
BOTTOM OF THE 4TH |
Hawaii Islanders batting - Pitching for Tucson Toros : RHP Jim Acker
|
Batting: RHB Michael Hanson
|
0-0: Ground out 6-3 (Groundball, 6, EV 105.6 MPH)
|
Batting: LHB Leo Sutherland
|
0-0: Called Strike 0-1: Called Strike 0-2: Ground out 4-3 (Groundball, 4D, EV 88.8 MPH)
|
Batting: LHB Creighton Tevlin
|
0-0: SINGLE (Line Drive, 6D, EV 106.3 MPH)
|
Batting: RHB Dave L Stapleton
|
0-0: Called Strike 0-1: Ball 1-1: Ball 2-1: Foul Ball, location: 2F 2-2: Fielders Choice at 2nd, 6-4 (Groundball, 6, EV 88.1 MPH)
|
Bottom of the 4th over - 0 runs, 1 hit, 0 errors, 1 left on base; Tucson 4 - Hawaii 6 |
TOP OF THE 5TH |
Tucson Toros batting - Pitching for Hawaii Islanders : LHP Bill Latham
|
Batting: SHB Rodney Scott
|
0-0: Ball 1-0: Foul Ball, location: 2F 1-1: Called Strike 1-2: Foul Ball, location: 2F 1-2: Foul Ball, location: 2F 1-2: Ball 2-2: Strikes out looking
|
Batting: LHB Tim Krauss
|
0-0: Called Strike 0-1: Fly out, F8 (Flyball, 8LS, EV 85.0 MPH)
|
Batting: RHB David Holmes
|
0-0: Ball 1-0: Foul Ball, location: 2F 1-1: Fly out, F9 (Flyball, 9S, EV 90.0 MPH)
|
Top of the 5th over - 0 runs, 0 hits, 0 errors, 0 left on base; Tucson 4 - Hawaii 6 |
BOTTOM OF THE 5TH |
Hawaii Islanders batting - Pitching for Tucson Toros : RHP Jim Acker
|
Batting: LHB Dom Fucci
|
0-0: Ball 1-0: SOLO HOME RUN (Flyball, 78XD, EV 106.3 MPH), Distance : 404 ft
|
Pitching: RHP Glenn Abbott
|
|
Batting: LHB Joe DeSa
|
0-0: Swinging Strike 0-1: Ball 1-1: Ball 2-1: Swinging Strike 2-2: Fly out, F8 (Flyball, 8RS, EV 93.1 MPH)
|
Batting: RHB Joe Strain
|
0-0: Called Strike 0-1: SINGLE (Line Drive, 6MD, EV 94.4 MPH)
|
Batting: LHB Scott Bradley
|
0-0: Fielders Choice at 2nd, 6-4 (Groundball, 6M, EV 78.8 MPH)
|
Batting: RHB Jon Hansen
|
0-0: Ball 1-0: Foul Ball, location: 2F 1-1: Called Strike 1-2: Foul Ball, location: 2F 1-2: SINGLE (Line Drive, 7S, EV 98.8 MPH) Scott Bradley to second
|
Batting: RHB Michael Hanson
|
0-0: Ball 1-0: Swinging Strike 1-1: Ball 2-1: Foul Ball, location: 2F 2-2: DOUBLE (Line Drive, 78D, EV 106.9 MPH) Scott Bradley scores Jon Hansen to third Runner from 3rd tries for Home, SAFE, throw by CF to home
|
Batting: LHB Leo Sutherland
|
0-0: Swinging Strike 0-1: Ball 1-1: Fly out, F7 (Line Drive, 7S, EV 91.9 MPH)
|
Bottom of the 5th over - 3 runs, 4 hits, 0 errors, 1 left on base; Tucson 4 - Hawaii 9 |
TOP OF THE 6TH |
Tucson Toros batting - Pitching for Hawaii Islanders : LHP Bill Latham
|
Batting: LHB Pat Dodson
|
0-0: Called Strike 0-1: Ball 1-1: Swinging Strike 1-2: Fly out, F9 (Flyball, 9LS, EV 77.5 MPH)
|
Batting: RHB Lee Muszynski
|
0-0: SINGLE (Groundball, 4D, EV 102.5 MPH)
|
Batting: SHB Kevin King
|
0-0: Swinging Strike 0-1: Swinging Strike 0-2: Strikes out swinging
|
Batting: LHB Bruce Boisclair
|
0-0: Called Strike 0-1: Ball 1-1: Swinging Strike 1-2: SINGLE (Groundball, 56D, EV 103.8 MPH) Lee Muszynski to second
|
Batting: LHB Jeremy Penk
|
0-0: Foul Ball, location: 2F 0-1: Ball 1-1: Ball 2-1: Swinging Strike 2-2: Strikes out swinging
|
Top of the 6th over - 0 runs, 2 hits, 0 errors, 2 left on base; Tucson 4 - Hawaii 9 |
BOTTOM OF THE 6TH |
Hawaii Islanders batting - Pitching for Tucson Toros : RHP Glenn Abbott
|
Batting: LHB Creighton Tevlin
|
0-0: Foul Ball, location: 2F 0-1: Ball 1-1: Foul Ball, location: 2F 1-2: Foul Ball, location: 2F 1-2: TRIPLE (Flyball, 9LD, EV 92.5 MPH)
|
Batting: RHB Dave L Stapleton
|
0-0: Called Strike 0-1: Ball 1-1: Fly out, F9 (Flyball, 89M, EV 93.1 MPH) Runner from 3rd tags up, SCORES, throw by RF
|
Batting: LHB Dom Fucci
|
0-0: Called Strike 0-1: Ball 1-1: Called Strike 1-2: Ball 2-2: DOUBLE (Line Drive, 78XD, EV 101.3 MPH)
|
Batting: LHB Joe DeSa
|
0-0: Ball 1-0: Ball 2-0: Foul Ball, location: 2F 2-1: Foul Ball, location: 2F 2-2: Ball 3-2: Base on Balls
|
Pitching: LHP Dan Schatzeder
|
|
Batting: RHB Joe Strain
|
0-0: Called Strike 0-1: Called Strike 0-2: Foul Ball, location: 2F 0-2: Grounds into double play, 5-4-3 (Groundball, 25, EV 82.5 MPH)
|
Bottom of the 6th over - 1 run, 2 hits, 0 errors, 1 left on base; Tucson 4 - Hawaii 10 |
TOP OF THE 7TH |
Tucson Toros batting - Pitching for Hawaii Islanders : LHP Bill Latham
|
Batting: LHB Juan Bustabad
|
0-0: Ball 1-0: Called Strike 1-1: Ground out 6-3 (Groundball, 6M, EV 100.0 MPH)
|
Batting: SHB Rodney Scott
|
0-0: SINGLE (Groundball, 4MD, EV 93.8 MPH)
|
Batting: LHB Tim Krauss
|
0-0: Called Strike 0-1: Ball 1-1: Foul Ball, location: 2F 1-2: Grounds into double play, 5-4-3 (Groundball, 56, EV 91.9 MPH)
|
Top of the 7th over - 0 runs, 1 hit, 0 errors, 0 left on base; Tucson 4 - Hawaii 10 |
BOTTOM OF THE 7TH |
Hawaii Islanders batting - Pitching for Tucson Toros : LHP Dan Schatzeder
|
Batting: LHB Scott Bradley
|
0-0: Ball 1-0: Fly out, F5 (Popup, 56, EV 67.5 MPH)
|
Batting: RHB Jon Hansen
|
0-0: Ball 1-0: Ball 2-0: SOLO HOME RUN (Flyball, 7LD, EV 110.0 MPH), Distance : 351 ft
|
Batting: RHB Michael Hanson
|
0-0: Called Strike 0-1: SINGLE (Line Drive, 4M, EV 99.4 MPH)
|
Batting: LHB Leo Sutherland
|
0-0: Fielders Choice at 2nd, 6-4 (Groundball, 6M, EV 101.9 MPH)
|
Batting: LHB Creighton Tevlin
|
0-0: Ball 1-0: Ball 2-0: Fly out, F9 (Flyball, 89M, EV 90.6 MPH)
|
Bottom of the 7th over - 1 run, 2 hits, 0 errors, 1 left on base; Tucson 4 - Hawaii 11 |
TOP OF THE 8TH |
Tucson Toros batting - Pitching for Hawaii Islanders : LHP Bill Latham
|
Batting: RHB David Holmes
|
0-0: Ball 1-0: Called Strike 1-1: SINGLE (Groundball, 56D, EV 106.9 MPH)
|
Batting: LHB Pat Dodson
|
0-0: Called Strike 0-1: Foul Ball, location: 2F 0-2: Ball 1-2: Foul Ball, location: 2F 1-2: Ball 2-2: SINGLE (Flyball, 7LM, EV 91.9 MPH) David Holmes to second
|
Batting: RHB Lee Muszynski
|
0-0: Ball 1-0: SINGLE (Groundball, 56D, EV 109.4 MPH) David Holmes to third Pat Dodson to second
|
Batting: SHB Kevin King
|
0-0: Fly out, F7 (Flyball, 7S, EV 74.4 MPH)
|
Batting: LHB Bruce Boisclair
|
0-0: Fly out, F3 (Flyball, 3D, EV 72.5 MPH)
|
Pitching: RHP Michael Mahoski
|
|
Batting: LHB Jeremy Penk
|
0-0: Called Strike 0-1: Ball 1-1: Fly out, F4 (Flyball, 4D, EV 88.1 MPH)
|
Top of the 8th over - 0 runs, 3 hits, 0 errors, 3 left on base; Tucson 4 - Hawaii 11 |
BOTTOM OF THE 8TH |
Hawaii Islanders batting - Pitching for Tucson Toros : LHP Dan Schatzeder
|
Batting: RHB Dave L Stapleton
|
0-0: Ball 1-0: Ball 2-0: DOUBLE (Line Drive, 9LM, EV 110.6 MPH)
|
Batting: LHB Dom Fucci
|
0-0: Called Strike 0-1: Called Strike 0-2: Ball 1-2: Foul Ball, location: 2F 1-2: Ball 2-2: 2-RUN HOME RUN (Flyball, 9D, EV 113.8 MPH), Distance : 362 ft
|
Batting: LHB Joe DeSa
|
0-0: Ball 1-0: Ball 2-0: Ball 3-0: Called Strike 3-1: Called Strike 3-2: Ground out U3 (Groundball, 3L, EV 81.3 MPH)
|
Batting: RHB Joe Strain
|
0-0: Ball 1-0: Ball 2-0: Ball 3-0: Base on Balls
|
Batting: LHB Scott Bradley
|
0-0: Ball 1-0: Swinging Strike 1-1: Called Strike 1-2: Foul Ball, location: 2F 1-2: Grounds into double play, 5-4-3 (Groundball, 56D, EV 92.5 MPH)
|
Bottom of the 8th over - 2 runs, 2 hits, 0 errors, 0 left on base; Tucson 4 - Hawaii 13 |
TOP OF THE 9TH |
Tucson Toros batting - Pitching for Hawaii Islanders : RHP Michael Mahoski
|
Batting: LHB Juan Bustabad
|
0-0: Foul Ball, location: 2F 0-1: Fly out, F8 (Flyball, 8RD, EV 98.1 MPH)
|
Batting: SHB Rodney Scott
|
0-0: SINGLE (Line Drive, 4M, EV 99.4 MPH)
|
Batting: LHB Tim Krauss
|
0-0: Called Strike 0-1: Ball 1-1: Called Strike 1-2: Ball 2-2: Ball 3-2: Fielders Choice at 2nd, 3-6 (Groundball, 3, EV 84.4 MPH)
|
Batting: RHB David Holmes
|
0-0: Foul Ball, location: 2F 0-1: Ball 1-1: Called Strike 1-2: Ball 2-2: Ball 3-2: Ground out 5-3 (Groundball, 56, EV 106.3 MPH)
|
Top of the 9th over - 0 runs, 1 hit, 0 errors, 1 left on base; Tucson 4 - Hawaii 13 |
|